 Dungeon Crawl Stone Soup version 0.30.0-29-ga12c61a403 (webtiles) character file.

Game seed: 17023866574360453867

75359 BONEBRO the Executioner (level 15, -4/107 HPs)
             Began as a Hill Orc Fighter on June 14, 2023.
             Was the Champion of Beogh.
             Drowned by a water nymph (12 damage)
             ... on level 2 of the Shoals.
             The game lasted 02:25:18 (19474 turns).

BONEBRO the Executioner (Hill Orc Fighter)         Turns: 19474, Time: 02:25:19

Health: -4/107     AC: 33    Str: 30    XL:     15   Next: 49%
Magic:  15/15      EV:  9    Int:  8    God:    Beogh [******]
Gold:   874        SH:  0    Dex: 20    Spells: 14/14 levels left

rFire   . . .        I - +5 executioner's axe (vamp)
rCold   + . .        (shield currently unavailable)
rNeg    . . .        s - +2 plate armour {rC+}
rPois   +            J - +2 helmet
rElec   .            L - +1 cloak {Will+}
rCorr   .            Y - +1 pair of gloves {Str+3}
SInv    .            Q - +1 pair of boots
Will    +++..        h - amulet of regeneration Stlth
                     u - +6 ring of dexterity
HPRegen 1.17/turn    a - ring "Edao" {rPois Will+ Dex+4}
MPRegen 0.14/turn

%: random rage (3%)
@: silenced
A: walk on water, berserk 1
a: Renounce Religion


You were on level 2 of the Shoals.
You worshipped Beogh.
Beogh was exalted by your worship.
You visited 5 branches of the dungeon, and saw 22 of its levels.
You also visited: Bailey.

You collected 3190 gold pieces.
You spent 2316 gold pieces at shops.

Inventory:

Hand Weapons
 I - a +5 vampiric executioner's axe (weapon)
Missiles
 o - 20 poisoned darts (quivered)
 E - 3 throwing nets
Armour
 s - a +2 plate armour of cold resistance (worn)
 x - +0 acid dragon scales
 J - a +2 helmet (worn)
 L - a +1 cloak of willpower (worn)
 Q - a +1 pair of boots (worn)
 S - a scarf of invisibility
 V - a +1 crystal plate armour
 X - +2 storm dragon scales
 Y - a +1 pair of gloves of strength (worn)
Jewellery
 a - the ring "Edao" (right hand) {rPois Will+ Dex+4}
   (You found it on level 1 of the Shoals)

   [ring of willpower]

   Dex:       It affects your dexterity (+4).
   rPois:     It protects you from poison.
   Will:      It increases your willpower.
 d - a ring of protection from cold
 g - a ring of poison resistance
 h - an amulet of regeneration (around neck)
 i - a +6 ring of strength
 u - a +6 ring of dexterity (left hand)
 w - a ring of positive energy
 y - a +4 ring of protection
 A - a +5 ring of evasion
 D - a +4 ring of protection
 W - a ring of protection from fire
 Z - a ring of see invisible
Wands
 c - a wand of digging (4)
 j - a wand of charming (10)
 O - a wand of mindburst (45)
 P - a wand of polymorph (14)
 R - a wand of iceblast (19)
 U - a wand of light (6)
Scrolls
 f - 3 scrolls of teleportation
 l - a scroll of summoning
 p - 7 scrolls of fear
 q - a scroll of blinking
 t - 4 scrolls of fog
 B - 3 scrolls of identify
 G - 3 scrolls of silence
 H - a scroll of poison
 K - a scroll of magic mapping
 M - 2 scrolls of brand weapon
Potions
 b - 4 potions of cancellation
 k - 3 potions of resistance
 m - 2 potions of haste
 n - a potion of ambrosia {unknown}
 r - 9 potions of curing
 v - a potion of brilliance {unknown}
 z - 2 potions of mutation {unknown}
 C - 5 potions of magic
 F - 4 potions of might
 N - a potion of berserk rage {unknown}


   Skills:
 - Level 3.6 Fighting
 - Level 24.0 Axes
 + Level 20.0 Armour
 - Level 3.2 Shields
 - Level 5.0 Evocations


You had 14 spell levels left.
You didn't know any spells.
Your spell library contained the following spells:

 Spells                   Type           Power      Damage    Failure   Level
 Shock                    Conj/Air       0%         1d3       87%         1
 Gell's Gravitas          Tloc           0%         N/A       99%         3
 Stone Arrow              Conj/Erth      0%         3d7       99%         3
 Swiftness                Air            0%         N/A       99%         3
 Teleport Other           Tloc           0%         N/A       99%         3
 Airstrike                Air            0%         2d(0-16)  100%        4
 Animate Armour           Summ/Erth      0%         N/A       100%        4
 Ice Form                 Ice/Tmut       0%         N/A       100%        4
 Freezing Cloud           Conj/Ice/Air   0%         6-21      100%        5
 Yara's Violent Unravell  Hex/Tmut       0%         3d3       100%        5
 Dispersal                Tloc           0%         N/A       100%        6
 Lehudib's Crystal Spear  Conj/Erth      0%         10d2      100%        8


Dungeon Overview and Level Annotations

Branches:
Dungeon (12/15)            Temple (1/1) D:5            Lair (5/5) D:9
 Shoals (2/4) Lair:2       Spider (0/4) Lair:2        Slime (0/5) Lair:4
    Orc (2/2) D:12            Elf (0/3) Orc:2        Bailey (visited)

Altars:
Ashenzari
Cheibriados
Dithmenos
Elyvilon
Fedhas
Gozag
Hepliaklqana
Kikubaaqudgha
Makhleb
Nemelex Xobeh
Okawaru
Qazlal
Ru
Sif Muna
Trog
Uskayaw
Vehumet
Wu Jian
Xom
Yredelemnul
Zin
The Shining One
Beogh

Shops:
D:2 [   D:4 !   D:9 !   D:12 =   Orc:2 (*==**[

Portals:
Trove: D:10 (give +3 shadow dragon scales)


Innate Abilities, Weirdness & Mutations

You can walk on water.
You sometimes lose your temper in combat.


Message History

The sea snake bites you!
You slash the harpy!
You kill the harpy!
Beogh accepts your kill.
You completely miss the sea snake.
You feel sick. The merfolk impaler barely misses you.
Your Armour skill increases to level 20!
You slice the water nymph!!
The water nymph is heavily wounded.
You barely miss the sea snake.
You feel sick. The sea snake barely misses you.
The merfolk hits you but does no damage.
The merfolk impaler hits you from afar with a +0 trident of venom.
You are more poisoned.
You hit the water nymph.
The water nymph is heavily wounded.
You closely miss the sea snake.
You feel sick.
The merfolk impaler hits you but does no damage.
You are more poisoned.
The sea snake bites you but does no damage.
The water nymph touches you. The water nymph drowns you!
* * * LOW HITPOINT WARNING * * *
The merfolk hits you from afar with a +0 spear.
* * * LOW HITPOINT WARNING * * *
The merfolk hits you but does no damage.
You feel better. The merfolk impaler barely misses you.
The sea snake bites you but does no damage.
The water nymph completely misses you.
The merfolk impaler hits you from afar with a +0 trident of venom!
* * * LOW HITPOINT WARNING * * *
The merfolk hits you from afar with a +0 spear.
* * * LOW HITPOINT WARNING * * *
The merfolk hits you from afar with a +0 halberd!
* * * LOW HITPOINT WARNING * * *
Magic scrolls do not work when you're silenced!
Unknown command.
You feel better. The sea snake bites you!
* * * LOW HITPOINT WARNING * * *
The merfolk impaler barely misses you. The water nymph touches you.
The water nymph drowns you!
You die...

~~~~≈≈≈≈≈≈≈≈≈≈~~H
..~~~~~~~~..~P~≈≈≈≈≈≈~..~
...~~~~≈≈~~~P~~≈≈≈≈~.~~~~
..~~~~~≈~~≈≈≈≈P≈≈≈≈~~~≈~.
.~~~~~~~~~≈≈≈≈≈≈~~P~~~~~.
~.~~~~~~~~≈≈≈≈~~~~~m~~~~.
..~.~~~~~~~~~~P~~mt~~P~~.
..~~~~~~~~~~~~~~Smm≈~~.~.
##÷~~~~~~~.~~~~~@†~≈≈~PP.
#.~~~.~~~~.~~.~~~†~≈≈≈≈~~..~.
.<~~~~~~~..~~.....~P≈≈≈~~~P~~~
~~~~~~~~~.....###..~≈≈≈~~~P....
~~~~~~~~..#..## ##.~~≈≈≈P~P...#
.~~~~~~~~.##.####..~~≈≈≈~~....#
.>~<~~~~..........PP~.~~~~~..P##
~~~~~~~~.....~.........~~~~....
~.<..~..~~..~≈.........~~~~..#


You could see an alligator snapping turtle, a merfolk impaler, a sea snake, 2
merfolk and a water nymph.

Vanquished Creatures
  Rupert (Lair:3)
  2 elemental wellsprings (Shoals:1)
  The ghost of belegose the Thaumaturge, a journeyman MfIE of Makhleb (Lair:5)
  Snorg (Lair:5)
  A merfolk impaler (Shoals:2)
  The ghost of 0gre the Frost Mage, a journeyman GnIE of Hepliaklqana (Lair:2)
  A hydra (Lair:5)
  3 merfolk aquamancers (Shoals:1)
  A merfolk avatar (Shoals:2)
  2 two-headed ogres
  A boulder beetle (Lair:1)
  A satyr (Shoals:2)
  8 orc high priests (Orc:2)
  A skyshark (Lair:5)
  14 sea snakes
  2 orc knights (Bailey)
  2 manticores
  5 harpies (Shoals:2)
  2 fauns (Shoals:2)
  8 elephants
  A merfolk siren (Shoals:2)
  3 black mambas
  4 water nymphs (Shoals:1)
  11 cane toads
  An unseen horror (D:11)
  5 komodo dragons
  Psyche (D:9)
  2 rime drakes
  2 trolls
  3 polar bears (Lair:5)
  A wind drake (Shoals:1)
  7 merfolk
  3 hornets
  A blink frog (Lair:2)
  4 dream sheep
  5 snapping turtles
  12 spriggans (Lair:5)
  2 slime creatures (D:5)
  2 shadows
  3 wraiths
  2 water elementals (Shoals:1)
  2 basilisks
  Eustachio (D:6)
  3 hogs (D:8)
  5 wyverns
  49 yaks
  A human (D:8)
  A steam dragon (D:9)
  5 wargs (Orc:2)
  9 water moccasins
  2 acid dragons
  5 orc warriors
  8 black bears
  3 sky beasts
  19 wolves
  2 boggarts (Lair:5)
  2 ogres
  2 centaurs
  A phantom (D:6)
  4 kobold brigands (D:5)
  11 bullfrogs
  2 scorpions
  9 wights
  4 killer bees
  A howler monkey (D:8)
  4 electric eels
  2 hounds (D:6)
  10 jellies
  A gnoll bouda (D:9)
  10 orc priests
  A sleepcap (D:7)
  3 iguanas
  9 orc wizards
  A hell rat (Lair:3)
  2 gnolls (D:9)
  6 adders
  2 shadow imps (D:7)
  An ufetubus (D:7)
  3 worms (D:2)
  3 dart slugs
  30 orcs
  6 ball pythons
  6 bats
  13 endoplasms
  A giant cockroach (D:2)
  2 hobgoblins
  4 jackals (D:4)
  3 quokkas
  5 frilled lizards
  12 goblins
  10 kobolds
  4 rats
438 creatures vanquished.

Vanquished Creatures (collateral kills)
  The ghost of Fifowuza the Grappler, a journeyman DrTm of Wu Jian (Lair:4)
  Josephine (Orc:1)
  3 hydras
  2 boulder beetles
  2 orc high priests (Orc:2)
  Nergalle (Lair:3)
  An orb spider (Lair:2)
  An orc knight (Orc:1)
  A deep elf pyromancer (D:12)
  An orc sorcerer (Orc:2)
  A cyclops (D:12)
  6 elephants
  A moth of wrath (Lair:5)
  A black mamba (Lair:2)
  4 cane toads
  A gargoyle (D:11)
  A rime drake (Lair:5)
  2 komodo dragons
  A kobold demonologist (D:11)
  2 trolls
  4 hornets
  A polar bear (Lair:4)
  4 blink frogs (Lair:2)
  Grinder (D:5)
  2 shadows
  4 spriggans (Lair:5)
  6 wraiths
  20 yaks
  2 wyverns
  2 wargs (Orc:2)
  3 water moccasins
  6 orc warriors
  A swamp drake (D:12)
  2 ogres
  3 wolves
  2 boggarts (Lair:5)
  2 centaurs (D:9)
  7 bullfrogs
  A scorpion (D:5)
  A wight (D:10)
  2 howler monkeys
  3 electric eels
  4 lava snakes (Lair:2)
  8 orc priests
  3 hell rats (Lair:3)
  5 orc wizards
  3 gnolls (D:9)
  A white imp (D:5)
  27 orcs
164 creatures vanquished.

Vanquished Creatures (others)
  An orc high priest (Orc:2)
  8 orc warriors
  An electric eel (Lair:2)
  A lava snake (Lair:2)
  10 orc priests
  6 orc wizards
  45 orcs
  A kobold (D:5)
73 creatures vanquished.

Grand Total: 675 creatures vanquished

Notes
Turn   | Place    | Note
-------+----------+-------------------------------------------
     0 | D:1      | BONEBRO the Hill Orc Fighter began the quest for the Orb.
     0 | D:1      | Reached XP level 1. HP: 19/19 MP: 1/1
    59 | D:1      | Reached skill level 3 in Axes
   229 | D:1      | Reached XP level 2. HP: 25/26 MP: 2/2
   430 | D:1      | Reached skill level 4 in Axes
   689 | D:1      | Reached XP level 3. HP: 25/31 MP: 3/3
   926 | D:2      | Reached skill level 5 in Axes
   962 | D:2      | Found Ygyona's Antique Armour Emporium.
   995 | D:2      | Reached XP level 4. HP: 33/39 MP: 4/4
  1011 | D:2      | Found a faded altar of an unknown god.
  1426 | D:3      | Found a sacrificial altar of Ru.
  1537 | D:3      | Reached skill level 6 in Axes
  1982 | D:4      | Found Hodghi's Distillery.
  2219 | D:4      | Found an opulent altar of Gozag.
  2255 | D:4      | Became a worshipper of Beogh the Brigand
  2271 | D:4      | Found a sparkling altar of Nemelex Xobeh.
  2590 | D:4      | Reached XP level 5. HP: 33/45 MP: 5/5
  2655 | D:4      | Found a glowing golden altar of the Shining One.
  2661 | D:4      | Found a glowing silver altar of Zin.
  2664 | D:4      | Reached skill level 7 in Axes
  2981 | D:5      | Entered Level 5 of the Dungeon
  2998 | D:5      | Found a staircase to the Ecumenical Temple.
  3027 | D:5      | Noticed a water moccasin
  3032 | D:5      | Killed a water moccasin
  3033 | D:5      | Reached skill level 8 in Axes
  3033 | D:5      | Reached XP level 6. HP: 16/51 MP: 6/6
  3040 | D:5      | Reached * piety under Beogh
  3041 | D:5      | Reached skill level 9 in Axes
  3041 | D:5      | Noticed Grinder
  3048 | D:5      | Killed Grinder
  3049 | D:5      | Reached skill level 10 in Axes
  3049 | D:5      | Reached XP level 7. HP: 25/57 MP: 7/7
  3286 | D:5      | Reached skill level 11 in Axes
  3389 | D:5      | Reached XP level 8. HP: 61/64 MP: 8/8
  3396 | D:5      | Reached skill level 12 in Axes
  3666 | D:5      | Noticed a slime creature
  3667 | D:5      | Noticed a slime creature
  3676 | D:5      | Killed a slime creature
  3677 | D:5      | Reached skill level 13 in Axes
  3712 | D:5      | Killed a slime creature
  4185 | D:6      | Reached skill level 14 in Axes
  4191 | D:6      | Noticed Eustachio
  4245 | D:6      | Killed Eustachio
  4246 | D:6      | Reached XP level 9. HP: 61/70 MP: 9/9
  4265 | D:6      | Reached ** piety under Beogh
  4450 | D:6      | Reached skill level 15 in Axes
  4989 | D:7      | Reached skill level 16 in Axes
  5131 | D:7      | Reached skill level 5 in Armour
  5216 | D:7      | Found a shimmering altar of Xom.
  5393 | D:7      | Found a stormy altar of Qazlal.
  5515 | D:8      | Found a white marble altar of Elyvilon.
  5589 | D:8      | Found a burning altar of Makhleb.
  5644 | D:8      | Identified 2 scrolls of acquirement
  5647 | D:8      | Acquired a +1 vampiric executioner's axe
  5710 | D:8      | Reached XP level 10. HP: 75/77 MP: 10/10
  5860 | D:8      | Reached skill level 10 in Armour
  5862 | D:8      | Reached *** piety under Beogh
  6141 | D:9      | Found a flagged portal.
  6150 | Bailey   | Entered a bailey
  6201 | Bailey   | Noticed an orc knight
  6272 | Bailey   | Noticed an orc knight
  6273 | Bailey   | Noticed an orc knight
  6289 | Bailey   | Killed an orc knight
  6350 | Bailey   | Killed an orc knight
  6391 | Bailey   | Identified the staff of conjuration "Mafussoc" {rC++ MP+9}
  6613 | D:9      | Got the Catalogue of Changed Algor
  6618 | D:9      | Found Devoedir's Distillery.
  6624 | D:9      | Bought a potion of heal wounds for 80 gold pieces
  6624 | D:9      | Bought a potion of curing for 48 gold pieces
  6624 | D:9      | Bought a potion of curing for 48 gold pieces
  6651 | D:9      | Reached XP level 11. HP: 58/82 MP: 11/11
  6725 | D:9      | Found a radiant altar of Vehumet.
  6739 | D:9      | Noticed Psyche
  6743 | D:9      | Killed Psyche
  6768 | D:9      | Noticed a two-headed ogre
  6774 | D:9      | Noticed a boulder beetle
  6775 | D:9      | Reached **** piety under Beogh
  6780 | D:9      | Killed a two-headed ogre
  6804 | D:9      | Killed a boulder beetle
  6889 | D:9      | Found a shimmering blue altar of Sif Muna.
  6890 | D:9      | Found a staircase to the Lair.
  7027 | D:9      | Found a broken altar of Ashenzari.
  7540 | Temple   | Entered the Ecumenical Temple
  7727 | Lair:1   | Entered Level 1 of the Lair of Beasts
  7861 | Lair:1   | Gained Korbok as an ally
  7867 | Lair:1   | Noticed a boulder beetle
  7876 | Lair:1   | Reached skill level 15 in Armour
  7879 | Lair:1   | Killed a boulder beetle
  8073 | Lair:1   | Reached skill level 1 in Evocations
  8391 | Lair:2   | Reached XP level 12. HP: 81/90 MP: 12/12
  8396 | Lair:2   | Reached ***** piety under Beogh
  8398 | Lair:2   | Reached skill level 5 in Evocations
  8411 | Lair:2   | Found a staircase to the Shoals.
  8912 | Lair:2   | Reached skill level 17 in Axes
  8967 | Lair:2   | Found a runed translucent door.
  8974 | Lair:2   | Noticed 0gre's ghost (journeyman GnIE)
  8991 | Lair:2   | Killed 0gre's ghost
  8999 | Lair:2   | Identified the +1 morningstar of Brawling {flame, rF+}
  9034 | Lair:2   | Found a hole to the Spider Nest.
  9302 | D:10     | Entered Level 10 of the Dungeon
  9419 | D:10     | Acquired a +5 ring of evasion
  9567 | D:10     | Found a portal to a secret trove of treasure.
  9649 | D:10     | Noticed a four-headed hydra
  9658 | D:10     | Killed a seven-headed hydra
  9659 | D:10     | Reached skill level 18 in Axes
  9739 | D:11     | Noticed a four-headed hydra
  9747 | D:11     | Noticed a soul eater
  9756 | D:11     | Killed a six-headed hydra
  9766 | D:11     | Noticed a sun demon
  9782 | D:11     | Reached skill level 19 in Axes
 10529 | D:12     | Noticed a two-headed ogre
 10535 | D:12     | Killed a two-headed ogre
 10881 | D:12     | Found Zadexin's Jewellery Emporium.
 10887 | D:12     | Reached XP level 13. HP: 81/95 MP: 13/13
 10911 | D:12     | Bought a ring of poison resistance for 340 gold pieces
 10911 | D:12     | Bought a ring of positive energy for 340 gold pieces
 10974 | D:12     | Gained Boldo as an ally
 10986 | D:12     | Found a staircase to the Orcish Mines.
 11370 | Orc:1    | Entered Level 1 of the Orcish Mines
 11373 | Orc:1    | Acquired 847 gold pieces
 11433 | D:12     | Bought a ring of protection from cold for 425 gold pieces
 11524 | Orc:1    | Your ally Boldo died
 11615 | Orc:1    | Noticed Josephine
 11617 | Orc:1    | Killed Josephine
 11622 | Orc:1    | Reached skill level 20 in Axes
 11749 | Orc:1    | Gained Arbolt as an ally
 12182 | Orc:2    | Entered Level 2 of the Orcish Mines
 12184 | Orc:2    | Found a staircase to the Elven Halls.
 12278 | Orc:2    | Gained mutation: You sometimes lose your temper in combat.
                  | [a neqoxec]
 12282 | Orc:2    | Gained Nordag as an ally
 12285 | Orc:2    | Gained Thorok as an ally
 12288 | Orc:2    | Reached ****** piety under Beogh
 12289 | Orc:2    | Your ally Nordag died
 12295 | Orc:2    | Found a roughly hewn altar of Beogh.
 12310 | Orc:2    | Found Qaesac's General Store.
 12315 | Orc:2    | Gained Koronagh as an ally
 12322 | Orc:2    | Bought a potion of heal wounds for 75 gold pieces
 12370 | Orc:2    | Reached skill level 21 in Axes
 12469 | Orc:2    | Found Roepre Xyoki's Armour Emporium.
 12485 | Orc:2    | Bought a +2 helmet for 280 gold pieces
 12485 | Orc:2    | Bought a +2 plate armour of cold resistance for 680 gold
                  | pieces
 12561 | Orc:2    | Found Demean's General Store.
 12569 | Orc:2    | Gained Worak as an ally
 12712 | Orc:2    | Gained Blodwig as an ally
 12728 | Orc:2    | Found Kizoih's General Store.
 12767 | Orc:2    | Found Caunloqi's Weapon Boutique.
 12822 | Orc:2    | Found Sataz's Jewellery Boutique.
 12839 | Orc:2    | Found Pismeuq's Jewellery Emporium.
 13640 | Lair:3   | Noticed Rupert
 13653 | Lair:3   | Paralysed by Rupert for 2 turns
 13656 | Lair:3   | Killed Rupert
 13657 | Lair:3   | Reached skill level 22 in Axes
 13690 | Lair:3   | You fall into a shaft and drop 2 floors!
 13690 | Lair:5   | Entered Level 5 of the Lair of Beasts
 13761 | Lair:5   | Gained Orbeogh as an ally
 13761 | Lair:5   | Gained Wargrak as an ally
 13813 | Lair:5   | Gained Bogwik as an ally
 13853 | Lair:5   | Reached skill level 23 in Axes
 13949 | Lair:5   | Reached XP level 14. HP: 102/102 MP: 14/14
 13973 | Lair:5   | Noticed belegose's ghost (journeyman MfIE)
 14009 | Lair:5   | Found a transporter.
 14041 | Lair:5   | Found a transporter.
 14239 | Lair:5   | Reached skill level 24 in Axes
 15003 | Lair:5   | Noticed Snorg
 15011 | Lair:5   | Killed Snorg
 15491 | Lair:5   | Killed belegose's ghost
 16022 | Lair:4   | Noticed Fifowuza's ghost (journeyman DrTm)
 16069 | Lair:4   | Found a staircase to the Slime Pits.
 16154 | Lair:4   | Found a runed translucent door.
 16505 | Lair:4   | Your ally Orbeogh died
 17137 | Lair:4   | Killed Fifowuza's ghost
 17471 | Lair:3   | Gained Bogdan as an ally
 17498 | Lair:3   | Gained Zorug as an ally
 17515 | Lair:3   | Noticed Nergalle
 17522 | Lair:3   | Killed Nergalle
 18120 | Shoals:1 | Entered Level 1 of the Shoals
 18337 | Shoals:1 | Noticed an elemental wellspring
 18338 | Shoals:1 | Noticed an elemental wellspring
 18354 | Shoals:1 | Killed an elemental wellspring
 18359 | Shoals:1 | Killed an elemental wellspring
 18403 | Shoals:1 | Identified the ring "Edao" {rPois Will+ Dex+4}
 18529 | Shoals:1 | Reached XP level 15. HP: 97/107 MP: 15/15
 19073 | Shoals:2 | HP: 2/107 [cyclops/large rock (17)]
 19474 | Shoals:2 | Drowned by a water nymph

Illustrated notes

Levels and vault maps discovered:
D:1:      co_arrival_square_in_a_square_in_a_square, layout_loops_cross
D:2:      layout_basic, serial_shops, shop_fountains,
          shapermc_ecumenical_altar_acropolis
D:3:      layout_loops_cross, nicolae_ru_awakened_eye
D:4:      layout_basic, mainiacjoe_overflow_alcove_1,
          nicolae_gozag_seed_capital, mainiacjoe_overflow_big_doors,
          serial_shops, shop
D:5:      cheibrodos_fertilizer, layout_cave_pools, minmay_temple_entry_mist,
          kennysheep_pointless_box, uniq_grinder
D:6:      layout_loops_cross, uniq_eustachio
D:7:      layout_rooms, mainiacjoe_overflow_paths, overflow_temple_1_default,
          minmay_misc_feat_alley
D:8:      layout_cave_pools, nicolae_overflow_hidden_temple,
          mainiacjoe_overflow_alcove_2, dk_noncrumbling_4, grunt_livestock
D:9:      minmay_four_partial_circles, layout_loops_ring,
          nicolae_vehumet_altar_sigil, evilmike_ruin_ashenzari,
          mainiacjoe_overflow_boulevard, enter_bailey_3, serial_shops,
          nicolae_diamond_shop, nrook_uturn, uniq_psyche
D:10:     layout_rooms, nicolae_trove_entry_diagonal
D:11:     layout_long_grid, serial_rivers, chequers_serial_rivers_micro_b,
          chequers_serial_rivers_room_b, chequers_serial_rivers_small_a,
          chequers_serial_rivers_micro_c
D:12:     layout_small_grid, erik_orc_1, serial_shops,
          nicolae_shop_tiny_real_fake_doors, minmay_misc_feat_columns
Temple:   zaba_magenta_temple
Lair:1:   layout_long_grid, infiniplex_staircase_pool_2
Lair:2:   layout_regular_city, elwin_shoals_entry_rocks,
          nicolae_spider_entry_orb_guardian, ebering_ghost_reflecting_pool,
          nicolae_lair_liquid_snakes
Lair:3:   layout_regular_city, infiniplex_staircase_pool, grunt_megastairs_3,
          uniq_nergalle, uniq_rupert
Lair:4:   layout_regular_city, dpeg_slime_entry_enclosed,
          hellmonk_ghost_happy_afterlife, wad_woods_road_05,
          serial_bayou_shore_a, grunt_megastairs_1, serial_bayou_shore_b,
          lemuel_fruit_tree
Lair:5:   minmay_lair_end_enchanted_forest, layout_cave_pods,
          gammafunk_ghost_berserking_beasts, serial_bayou_lagoon_a, uniq_snorg
Shoals:1: cheibrodos_shoals_three_sisters, layout_shoals,
          nicolae_shoals_spring_well_temple
Shoals:2: layout_shoals
Orc:1:    minmay_goldmine, layout_diamond_mine, uniq_josephine
Orc:2:    st_orc_town, layout_diamond_mine, serial_shops, shop, shop, shop

Skill      XL: |  1  2  3  4  5  6  7  8  9 10 11 12 13 14 15 |
---------------+----------------------------------------------+-----
Axes           | 3 4 5 6 8 10 11 14 16 19 23 24 | 24.0
Armour         | 7 12 15 18 20 | 20.0
Evocations     | 3 5 |  5.0
Fighting       | |  3.6
Shields        | |  3.2

Action                     |  1- 3 |  4- 6 |  7- 9 | 10-12 | 13-15 || total
---------------------------+-------+-------+-------+-------+-------++-------
  Melee: War axe           |    87 |   109 |   311 |       |       ||   507
         Executioner's axe |       |       |     2 |   288 |   727 ||  1017
  Throw: Javelin           |       |       |     3 |       |       ||     3
         Dart              |       |       |    30 |     2 |       ||    32
 Invoke: Convert to Beogh  |       |     1 |       |       |       ||     1
         Smiting           |       |       |       |     3 |       ||     3
         Recall Orcish Fol |       |       |       |     1 |     2 ||     3
  Evoke: Wand              |       |       |       |     2 |       ||     2
    Use: Potion            |     1 |     1 |     1 |     9 |    10 ||    22
         Scroll            |       |     2 |    15 |     8 |    13 ||    38
   Stab: Invisible         |       |       |     1 |       |     4 ||     5
         Distracted        |       |       |       |     3 |     6 ||     9
 Armour: Scale mail        |    56 |    26 |    57 |       |       ||   139
         Skin              |       |    15 |    12 |       |       ||    27
         Leather armour    |       |       |    55 |    44 |       ||    99
         Crystal plate arm |       |       |       |   209 |   321 ||   530
         Storm dragon scal |       |       |       |     2 |   110 ||   112
         Plate armour      |       |       |       |       |   186 ||   186
  Dodge: Dodged            |    49 |    34 |    85 |   138 |   281 ||   587
  Block: Buckler           |    22 |    16 |    16 |       |       ||    54
         Kite shield       |       |       |    57 |       |       ||    57
